 Dungeon Sprint DCSS version 0.31-a0-675-g238779eb0a (webtiles) character file.

Game seed: 7885317486390336819

6338 sircluck the Brawler (level 10, -18/119 HPs)
             Began as a Troll Berserker on Sept 5, 2023.
             Was a High Priest of Trog.
             Killed from afar by a hell hog (42 damage)
             ... with a fireball
             ... in the Dungeon (Sprint II: "The Violet Keep of Menkaure").
             The game lasted 00:03:36 (409 turns).

sircluck the Brawler (Troll Berserker)               Turns: 409, Time: 00:03:36

Health: -18/119    AC:  8    Str: 31    XL:     10   Next: 64%
Magic:  9/9        EV: 13    Int:  5    God:    Trog [*****.]
Gold:   293        SH:  0    Dex:  9    Spells: 9/9 levels left

rFire   . .          .
                       - Unarmed
rCold   . . .        (no shield)
rNeg    . . .        a - +0 animal skin
rPois   .            (helmet restricted)
rElec   .            (no cloak)
rCorr   .            (gloves unavailable)
SInv    .            (boots unavailable)
Will    .....        (no amulet)
Stlth   +            h - ring "Remuod" {*Slow AC+4 Int+2 Slay+3}
HPRegen 1.19/turn    (no ring)
MPRegen 0.11/turn

%: no teleportation, slow self (1%)
@: no status effects
A: large, unfitting armour, claws 3, regeneration 1, shaggy fur 1, tough skin 1
a: Renounce Religion, Berserk, Trog's Hand, Brothers in Arms


You were in the Dungeon.
You worshipped Trog.
Trog was extremely pleased with you.
You visited 1 branch You collected 1215 gold pieces.
You spent 922 gold pieces at shops.

Inventory:

Armour
 a - a +0 animal skin (worn)
Jewellery
 h - the ring "Remuod" (left claw) {*Slow AC+4 Int+2 Slay+3}
   (You bought it in a shop in the Dungeon)

   [ring of protection]

   AC+4:      It affects your AC (+4).
   Int+2:     It affects your intelligence (+2).
   Slay+3:    It affects your accuracy & damage with ranged weapons and melee
   (+3).
   *Slow:     It may slow you when you take damage.
Scrolls
 b - a scroll of revelation
Potions
 c - a potion of heal wounds
 d - a potion of haste
 e - 2 potions of magic
 f - a potion of berserk rage
 i - 3 potions of enlightenment {unknown}


   Skills:
 + Level 13.0 Fighting
 + Level 12.8 Dodging
 + Level 15.1 Unarmed Combat


You had 9 spell levels left.
You didn't know any spells.
Your spell library was empty.

Dungeon Overview and Level Annotations

Branches:
Dungeon (1/1)

Altars:

Shops:
D *[[:(*!*:(!==[::(=!!([?:(!?

Annotations:
D exclusion: oklob plant, Roxanne


Innate Abilities, Weirdness & Mutations

You are too large for most types of armour.
You have claws for hands.
Your natural rate of healing is unusually fast.
You are covered in fur. (AC +1)
You have tough skin. (AC +1)


Message History

The hell hog squeals angrily.
The water moccasin hisses angrily. x3
Found 256 gold pieces and a scroll labelled JIEZAM KAIMIU.
You miss the water moccasin.
The water moccasin bites you but does no damage.
You claw the water moccasin!
The water moccasin is moderately wounded.
You eviscerate the water moccasin!!!
You kill the water moccasin!
Trog accepts your kill. The water moccasin barely misses you.
Your Fighting skill increases to level 13!
You claw the water moccasin!
The water moccasin is heavily wounded.
The water moccasin closely misses you.
You mangle the water moccasin!!
You kill the water moccasin!
Trog accepts your kill. The spectral bat barely misses you.
The hell hog breathes fire at you.
The fireball explodes!
The fireball engulfs the spectral bat!!!
The spectral bat is destroyed!
The fireball engulfs the hell hog.
The hell hog completely resists.
The fireball engulfs the hell hog.
The hell hog completely resists.
The fireball engulfs you!!! The hell hog bites you!
The hell hog barely misses you. The hell hog misses you.
There is an open door, spattered with blood here.
You completely miss the hell hog. The hell hog bites you!
The hell hog breathes fire at you.
The fireball explodes!
The fireball engulfs you!!
* * * LOW HITPOINT WARNING * * *
The fireball engulfs the hell hog.
The hell hog completely resists.
The fireball engulfs the hell hog.
The hell hog completely resists.
Blink to where?
Press: ? - help, Q - select action, (/) - cycle Dir - move target
As you read the scroll of blinking, it crumbles to dust.
The hell hog breathes fire at you.
The fireball explodes!
The fireball engulfs you!!!
You die...

*** ###########***********
*,,
#$..$Shh..#∩,∩∩∩+,+,,***,,
#.$?.Z.#†:####***,****,,,,
#+######'##..#***+####,,,,
#∩∩∩∩∩∩#.)'.##§.~~.~~##⌠,,
#∩∩∩∩∩∩#..###.~~~§§~~§##,,
#########@.+~~~~.8~..~.#*+
#CeD##...####~.~~..§..**~,
#$D2D#...).~##~~.§~§,**,~,
############~~#+++#+++##***
###########~~~÷.÷......#,,+
##.∩.∩....#~~~~.##'##..#,,*
##..∩.∩...#~~~~##.#.##.####
##...∩.∩..#~~~~#.###.#....#
##......⌠.#~~####.#.####..#


You could see a hell hog (catching breath).

Vanquished Creatures
  Kirke (D)
  A yaktaur captain (D)
  A centaur warrior (D)
  2 boulder beetles (D)
  A skeletal warrior (D)
  An elephant (D)
  A kobold demonologist (D)
  2 polar bears (D)
  5 wyverns (D)
  4 water moccasins (D)
  5 necrophages (D)
  An iron imp (D)
  3 worms (D)
28 creatures vanquished.

Vanquished Creatures (others)
  A spectral bat (D)
1 creature vanquished.

Grand Total: 29 creatures vanquished

Notes
Turn   | Place    | Note
-------+----------+-------------------------------------------
     0 | D        | sircluck the Troll Berserker began the quest for the Orb.
     0 | D        | Reached XP level 1. HP: 22/22 MP: 0/0
     1 | D        | Noticed a wyvern
     1 | D        | Noticed a wyvern
     5 | D        | Killed a wyvern
     6 | D        | Reached skill level 5 in Fighting
     6 | D        | Reached skill level 5 in Dodging
     6 | D        | Reached skill level 6 in Unarmed Combat
     6 | D        | Reached XP level 2. HP: 35/35 MP: 1/1
     6 | D        | Reached XP level 3. HP: 42/42 MP: 2/2
     6 | D        | Reached XP level 4. HP: 50/50 MP: 3/3
     6 | D        | Reached XP level 5. HP: 57/57 MP: 4/4
     8 | D        | Killed a wyvern
     9 | D        | Reached skill level 8 in Unarmed Combat
     9 | D        | Reached XP level 6. HP: 66/68 MP: 5/5
    14 | D        | Noticed Roxanne
    16 | D        | Noticed a water moccasin
    23 | D        | Killed a water moccasin
    23 | D        | Reached ** piety under Trog
    24 | D        | Noticed a water moccasin
    26 | D        | Found Bydeat Quka's Distillery.
    26 | D        | Found Muskecw's Magic Scroll Emporium.
    27 | D        | Found Gidua's Antique Armour Emporium.
    27 | D        | Found Nuihat's Magic Scroll Emporium.
    31 | D        | Killed a water moccasin
    32 | D        | Reached skill level 9 in Unarmed Combat
    34 | D        | Found Ubbox's Antique Weapon Emporium.
    34 | D        | Found Qutu Zireq's Book Shoppe.
    34 | D        | Found Vinat's Jewellery Shoppe.
    34 | D        | Found Doyddomm's Distillery.
    35 | D        | Found Cydiateu's Distillery.
    35 | D        | Found Qanatuno's Jewellery Shoppe.
    35 | D        | Found Zinannism's Jewellery Emporium.
    37 | D        | Noticed a wyvern
    52 | D        | Noticed an ice statue
    90 | D        | Reached *** piety under Trog
    99 | D        | Reached XP level 7. HP: 56/79 MP: 6/6
   110 | D        | Reached **** piety under Trog
   161 | D        | Noticed a boulder beetle
   161 | D        | Noticed a boulder beetle
   184 | D        | Killed a boulder beetle
   185 | D        | Reached skill level 11 in Unarmed Combat
   185 | D        | Reached XP level 8. HP: 43/92 MP: 7/7
   188 | D        | Killed a boulder beetle
   189 | D        | Reached skill level 10 in Fighting
   189 | D        | Reached skill level 10 in Dodging
   189 | D        | Reached skill level 12 in Unarmed Combat
   254 | D        | Found Tuazxom's General Store.
   254 | D        | Found Liemaege's Distillery.
   254 | D        | Noticed an oklob plant
   255 | D        | Found Viuh's Antique Armour Shoppe.
   255 | D        | Found Ramo's Book Shoppe.
   260 | D        | Noticed an iron elemental
   287 | D        | Bought a scroll of revelation for 82 gold pieces
   287 | D        | Bought a scroll of revelation for 82 gold pieces
   290 | D        | Bought the ring "Remuod" {*Slow AC+4 Int+2 Slay+3} for 758
                  | gold pieces
   300 | D        | Found Himedaucinn's Antique Weapon Shoppe.
   300 | D        | Found Kunut's Weapon Shop.
   300 | D        | Found Ikkaorug's Book Emporium.
   300 | D        | Found Pono's Weapon Boutique.
   300 | D        | Found Reumus's Assorted Antiques.
   300 | D        | Found Qaumeodgh's Armour Shop.
   300 | D        | Found Ylla's Book Shop.
   300 | D        | Found Afelauco's Distillery.
   300 | D        | Found Hibek's Armour Boutique.
   300 | D        | Found Nicw's Book Shoppe.
   300 | D        | Found Mecyamops's Weapon Shop.
   300 | D        | Found Fecruil's General Store.
   300 | D        | Noticed a frost giant
   300 | D        | Noticed a deep elf high priest
   300 | D        | Noticed a bone dragon
   300 | D        | Noticed an elephant
   300 | D        | Noticed a centaur warrior
   300 | D        | Noticed Kirke
   300 | D        | Noticed a golden dragon
   300 | D        | Noticed a cacodemon
   300 | D        | Noticed a storm dragon
   300 | D        | Noticed a yaktaur captain
   300 | D        | Noticed a kobold demonologist
   300 | D        | Noticed a skeletal warrior
   325 | D        | Killed Kirke
   326 | D        | Reached skill level 13 in Unarmed Combat
   326 | D        | Reached XP level 9. HP: 105/105 MP: 8/8
   328 | D        | Killed a skeletal warrior
   332 | D        | Killed a centaur warrior
   333 | D        | Reached XP level 10. HP: 107/115 MP: 9/9
   335 | D        | Killed an elephant
   336 | D        | Reached skill level 14 in Unarmed Combat
   339 | D        | Killed a yaktaur captain
   339 | D        | Reached ***** piety under Trog
   363 | D        | Received a gift from Trog
   397 | D        | Reached skill level 15 in Unarmed Combat
   401 | D        | Noticed a hell hog
   401 | D        | Noticed a hell hog
   409 | D        | Killed from afar by a hell hog

Illustrated notes

Levels and vault maps discovered:
D:        the_violet_keep_of_menkaure [sprint2_stairs_cluster_1,
          sprint2_shoproom, sprint2_temple, sprint2_basic_supplies,
          sprint2_obstacle_2, sprint2_obstacle_4, sprint2_obstacle_6,
          sprint2_obstacle_7, sprint2_obstacle_5, sprint2_timed_cluster_1,
          sprint2_smallroom_cluster_1, sprint2_smallroom_final_cluster_1,
          sprint2_transparent_cluster_1, sprint2_second_timed_cluster_1,
          sprint2_sniper_area_1, sprint2_heavy_combat_area_1,
          sprint2_mutation_trap_area_1, sprint2_forest_area_1,
          sprint2_light_combat_area_1, sprint2_behind_water_1,
          sprint2_near_end_vault_1]

Skill      XL: |  1  2  3  4  5  6  7  8  9 10 |
---------------+-------------------------------+-----
Fighting       | 5 6 7 9 11 13 | 13.0
Dodging        | 5 6 7 9 11 12 | 12.8
Unarmed Combat | 6 8 9 11 13 15 | 15.1

Action                     |  1- 3 |  4- 6 |  7- 9 | 10-12 || total
---------------------------+-------+-------+-------+-------++-------
  Melee: Unarmed           |     3 |    25 |    38 |    36 ||   102
         Punch             |       |       |     3 |     5 ||     8
 Invoke: Berserk           |     1 |       |     2 |       ||     3
         Trog's Hand       |       |       |     1 |       ||     1
         Brothers in Arms  |       |       |     1 |       ||     1
    Use: Potion            |       |     1 |       |       ||     1
         Scroll            |       |       |     1 |     1 ||     2
 Armour: Animal skin       |     1 |    18 |    21 |    18 ||    58
  Dodge: Dodged            |     1 |     9 |    10 |    18 ||    38

Table legend: (Time is in decaauts)
 A = Elapsed time spent in this place.
 B = Non-inter-level travel time spent in this place.
 C = Inter-level travel time spent in this place.
 D = Time resting spent in this place.
 E = Time spent auto-exploring this place.
 F = Levels seen in this place.
 G = Mean time per level.
                   A        B        C        D        E       F      G
               +--------+--------+--------+--------+--------+-----+--------+
         Total |    411 |    395 |     16 |     61 |     52 |   1 |  411.0 |
       Dungeon |    411 |    395 |     16 |     61 |     52 |   1 |  411.0 |
               +--------+--------+--------+--------+--------+-----+--------+

Top non-repeatable levels by time:
       D: 411 daAuts
